AoeStats
← Quiniela Lopez

Nomad

509152521Analyzed
2v2 RM · 7d ago on Sep 25, 2026· 68m 40s· 4 players
Game mode
Random Map
Map size
176×176
Population
200
Speed
Normal
Resources
Standard
Victory
Conquest
Starting age
Dark Age
Ending age
Imperial Age
RankedLock teamsTeams togetherTeam positionsShared explorationLock speedFull tech treeHidden civsTurbo modeCheats
Victory
Defeat
🇨🇱 Burgundians · Chile
639
+18
🇨🇱 Varangians · Chile
600
+20
🇦🇷 Vikings · Argentina
687
-19
🇦🇷 Saracens · Argentina
675
-19
K ingaete 6787
15:16 Feudal Age
15:53 Double-Bit Axe
16:14 Horse Collar
20:42 Scale Barding Armor
23:21 Forging
23:39 Man-at-Arms
25:23 Heavy Plow
28:57 Castle Age
29:34 Light Cavalry
31:00 Bow Saw
31:48 Husbandry
34:14 Burgundian Vineyards
42:13 Imperial Age
41:46 Crop Rotation
41:26 Scale Mail Armor
47:11 Chain Barding Armor
47:29 Iron Casting
46:36 Cavalier
55:09 Wheelbarrow
55:18 Squires
58:02 Hand Cart
59:06 Elite Coustillier
64:53 Blast Furnace
65:24 Plate Barding Armor
nohacenadi3489
16:10 Feudal Age
21:13 Castle Age
26:59 Scale Barding Armor
27:08 Fishing Lines
28:54 Chain Barding Armor
30:26 Wheelbarrow
31:53 Double-Bit Axe
34:54 Horse Collar
35:11 Gillnets
36:25 Bow Saw
41:54 Imperial Age
41:19 Scale Mail Armor
41:29 Forging
50:57 Hand Cart
52:43 Plate Barding Armor
53:30 Heavy Scorpion
55:48 Two-Man Saw
54:13 Cavalier
55:06 Bloodlines
55:09 Capped Ram
56:23 Pikeman
61:29 Siege Ram
Quiniela Lopez
3:49 Loom
15:46 Feudal Age
22:13 Double-Bit Axe
24:19 Man-at-Arms
27:27 Castle Age
26:34 Forging
26:24 Scale Mail Armor
28:39 Chain Mail Armor
29:54 Bow Saw
29:28 Horse Collar
42:26 Imperial Age
41:41 Pikeman
42:22 Squires
43:31 Murder Holes
43:57 Ballistics
44:38 Chemistry
48:16 Elite Varangian Guard
57:41 Iron Casting
61:25 Plate Mail Armor
60:23 Long Swordsman
61:08 Two-Handed Swordsman
62:08 Champion
64:22 Gold Mining
64:23 Stone Mining
AcerateBobcat83
4:58 Loom
15:46 Feudal Age
21:10 Castle Age
19:49 Wheelbarrow
24:20 Double-Bit Axe
24:17 Horse Collar
25:45 Heavy Plow
25:57 Bow Saw
27:47 Stone Mining
31:50 Hand Cart
32:01 Scale Mail Armor
32:06 Scale Barding Armor
32:40 Town Watch
32:49 Gold Mining
35:23 Chain Barding Armor
35:18 Chain Mail Armor
46:10 Gold Shaft Mining
53:16 Imperial Age
55:51 Elite Mameluke
64:40 Plate Mail Armor
64:46 Plate Barding Armor
64:02 Fletching
Connection lost

Rejoining the realm…

Still unreachable

The connection could not be restored.

Session expired

The server has moved on; the page needs a fresh start.